 Dungeon Crawl Stone Soup version 0.26.1-11-gd32895ea62 (webtiles) character file.

Game seed: 13448599512962483396

4 Descartes the Changer (level 1, 0/7 HPs)
             Began as a Felid Wanderer on July 6, 2021.
             Slain by a kobold
             ... wielding a +0 whip
              (7 damage)
             ... on level 1 of the Dungeon.
             The game lasted 00:00:49 (443 turns).

Descartes the Changer (Felid Wanderer)               Turns: 443, Time: 00:00:50

Health: 0/7        AC:  1    Str: 11    XL:     1   Next: 50%
Magic:  2/2        EV: 15    Int: 13    God:
Gold:   0          SH:  0    Dex: 12    Spells: 0/0 levels left
                                        Lives:  0   Deaths: 0

rFire    . . .     SeeInvis +     - Unarmed
rCold    . . .     Faith    .   (shield unavailable)
rNeg     . . .     Spirit   .   (armour unavailable)
rPois    .         Reflect  .   (helmet unavailable)
rElec    .         Harm     .   (cloak unavailable)
rCorr    .         Rampage  .   (gloves unavailable)
Will     .....                  (boots unavailable)
Stlth    ++........             (no amulet)
HPRegen  0.02/turn              (no ring)
MPRegen  0.08/turn              (no ring)

@: quick
A: very small, no armour, no weapons or thrown items, stealth, claws 1, fangs 3,
see invisible, speed 1, shaggy fur 1, sharp paws
a: no special abilities


You were on level 1 of the Dungeon.
You visited 1 branch of the dungeon, and saw 1 of its levels.

Inventory:

Missiles
 c - 18 stones
Scrolls
 a - a scroll of identify {unknown}
 d - a scroll of fog {unknown}
Potions
 b - 2 potions of curing


   Skills:
 + Level 1.7 Stealth
 - Level 3.0 Unarmed Combat
 - Level 1.0 Conjurations
 - Level 4.3 Transmutations
 - Level 2.1 Evocations


You couldn't memorise any spells.
You knew the following spells:

 Your Spells              Type           Power        Failure   Level
a - Sandblast             Erth           0%           30%         1

Your spell library contained the following spells:

 Spells                   Type           Power        Failure   Level
 Passwall                 Tmut/Erth      4%           19%         2
 Stone Arrow              Conj/Erth      2%           58%         3
 Petrify                  Tmut/Erth      5%           77%         4
 Lee's Rapid Deconstruct  Erth           0%           100%        5


Dungeon Overview and Level Annotations

Branches:
Dungeon (1/15)

Altars:


Innate Abilities, Weirdness & Mutations

You cannot wear armour.
You are incapable of wielding weapons or throwing items.
Your paws allow you to move quietly. (Stealth)
You have sharp claws.
You have razor-sharp teeth.
You have supernaturally acute eyesight. (SInv)
You cover ground quickly.
You are covered in fur. (AC +1)
Your sharp claws are effective at attacking unaware monsters.


Message History

The goblin misses you.
You barely miss the goblin. Your bite misses the goblin.
The goblin is severely wounded.
The goblin hits you but does no damage.
You claw the goblin!
You kill the goblin!
A kobold comes into view. It is wielding a +0 whip.
Things that are here:
a +0 club; a goblin corpse A kobold is nearby!
HP restored.
The kobold shouts!
The kobold throws a stone.
The stone misses you.
Things that are here:
a stone; a +0 club; a goblin skeleton A bat comes into view.
The bat moves out of view.
The kobold hits you with a +0 whip!
Ouch! That really hurt!
You die...

.....# .# .....
.# .... .# ..
#...#.
...#.....
...#...b### .
#......K..# .#
.......@#.##...
#..............
#.......#.##.##
#.........#
######.(###
#..# #..#
#####..#
#(.....#


You could see a bat and a kobold.

Vanquished Creatures
  A goblin (D:1)
  A hobgoblin (D:1)
  A frilled lizard (D:1)
  A kobold (D:1)
4 creatures vanquished.

Notes
Turn   | Place    | Note
-------+----------+-------------------------------------------
     0 | D:1      | Descartes the Felid Wanderer began the quest for the Orb.
     0 | D:1      | Descartes set off with the following items: 2 potions of
                  | curing; and the following spell memorised: Sandblast; and
                  | the following spells available to memorise: Passwall, Stone
                  | Arrow, Petrify, Lee's Rapid Deconstruction
     0 | D:1      | Reached XP level 1. HP: 7/7 MP: 2/2
   185 | D:1      | Reached skill level 1 in Stealth
   443 | D:1      | Slain by a kobold

Illustrated notes

Levels and vault maps discovered:
D:1:      kilobyte_arrival_exit_the_forest, layout_loops_ring, feat_on_display

Skill      XL: |  1 |
---------------+----+-----
Stealth        | 1 |  1.7
Unarmed Combat | |  3.0
Conjurations   | |  1.0
Transmutations | |  4.3
Evocations     | |  2.1

Action                   || total
-------------------------++-------
Melee: Unarmed           ||    14
 Stab: Sleeping          ||     1
Dodge: Dodged            ||     9
